 Dungeon Crawl Stone Soup version 0.25-a0-780-g622e69b31f (webtiles) character file.

Game seed: 7780866152277108616, levelgen mode: deterministic

34137 Error4North the Cleaver (level 13, -2/105 HPs)
             Began as a Hill Orc Fighter on Apr 13, 2020.
             Was a High Priest of Okawaru.
             Slain by an orc knight
             ... wielding a cursed -3 great sword
              (5 damage)
             ... on level 1 of the Orcish Mines on Apr 14, 2020.
             The game lasted 01:21:15 (15736 turns).

Error4North the Cleaver (Hill Orc Fighter)         Turns: 15736, Time: 01:21:16

Health: -2/105     AC: 27    Str: 24    XL:     13   Next: 75%
Magic:  14/20      EV: 10    Int:  8    God:    Okawaru [*****.]
Gold:   1032       SH: 18    Dex: 10    Spells: 12/12 levels left

rFire    + + .     SeeInvis +   J - +7 war axe of Action {vorpal, +Blink rElec rF+}
rCold    + . .     Gourm    .   c - +0 kite shield
rNeg     . . .     Faith    .   i - +2 plate armour {rF+}
rPois    .         Spirit   .   l - +1 helmet {SInv}
rElec    +         Reflect  +   k - +2 cloak
rCorr    +         Harm     .   (no gloves)
MR       .....                  q - +1 pair of boots {Fly}
Stlth    ..........             E - +3 amulet of reflection
HPRegen  0.27/turn              x - ring of stealth
MPRegen  0.17/turn              b - ring of resist corrosion

@: mighty, heroism, finesse, lightly drained
A: cold resistance 1, frail 1, electricity resistance
a: Heroism, Finesse, Renounce Religion, Evoke Blink, Evoke Flight


You were on level 1 of the Orcish Mines.
You worshipped Okawaru.
Okawaru was extremely pleased with you.
You were not hungry.

You visited 3 branches of the dungeon, and saw 16 of its levels.

You collected 1354 gold pieces.
You spent 322 gold pieces at shops.

Inventory:

Hand Weapons
 J - the +7 war axe of Action (weapon) {vorpal, +Blink rElec rF+}
   (You found it on level 13 of the Dungeon)

   It inflicts extra damage upon your enemies.
   It protects you from fire.
   It insulates you from electricity.
   It lets you blink.
Missiles
 e - 12 boomerangs (quivered)
Armour
 c - a +0 kite shield (worn)
 i - a +2 plate armour of fire resistance (worn)
 k - a +2 cloak (worn)
 l - a +1 helmet of see invisible (worn)
 q - a +1 pair of boots of flying (worn)
Jewellery
 b - a ring of resist corrosion (right hand)
 x - a ring of stealth (left hand)
 E - a +3 amulet of reflection (around neck)
Wands
 a - a wand of clouds (1)
 d - a wand of flame (50)
 t - a wand of enslavement (6)
 w - a wand of iceblast (2)
 G - a wand of digging (5)
Scrolls
 j - 2 scrolls of amnesia
 m - a scroll of magic mapping
 o - 9 scrolls of identify
 p - 4 scrolls of fear
 r - 9 scrolls of teleportation
 u - 13 scrolls of remove curse
 y - 2 scrolls of immolation
 A - 3 scrolls of enchant weapon
 F - a scroll of vulnerability {unknown}
 K - a scroll of brand weapon {unknown}
Potions
 g - a potion of magic
 h - 2 potions of brilliance
 s - a potion of stabbing
 D - 3 potions of flight
Miscellaneous
 L - a phial of floods (inert)
Comestibles
 f - 17 rations


   Skills:
 * Level 11.9(16.3) Fighting
 + Level 13.5(17.8) Axes
 + Level 3.4(7.8) Throwing
 * Level 10.8(15.2) Armour
 + Level 2.5(7.0) Dodging
 + Level 0.5(5.0) Stealth
 * Level 12.7(17.0) Shields
 + Level 10.2(9.6) Invocations
 + Level 5.4(4.9) Evocations


You had 12 spell levels left.
You didn't know any spells.
Your spell library contained the following spells:

 Spells                   Type           Power        Failure   Level  Hunger
 Foxfire                  Conj/Fire      #...         98%         1    ##.....
 Freeze                   Ice            #...         98%         1    ##.....
 Magic Dart               Conj           #...         98%         1    ##.....
 Summon Small Mammal      Summ           #...         98%         1    ##.....
 Blink                    Tloc           N/A          99%         2    ###....
 Call Imp                 Summ           #.......     99%         2    ###....
 Poisonous Vapours        Pois/Air       #.....       99%         2    ###....
 Slow                     Hex            #.......     99%         2    ###....
 Call Canine Familiar     Summ           #.......     100%        3    ####...
 Conjure Flame            Conj/Fire      #.......     100%        3    ####...
 Frozen Ramparts          Ice            #.....       100%        3    ####...
 Inner Flame              Hex/Fire       #.......     100%        3    ####...
 Mephitic Cloud           Conj/Pois/Air  #.......     100%        3    ####...
 Ozocubu's Armour         Chrm/Ice       #.......     100%        3    ####...
 Summon Guardian Golem    Hex/Summ       #.......     100%        3    ####...
 Hailstorm                Conj/Ice       #.......     100%        4    #####..
 Sticky Flame             Conj/Fire      #.......     100%        4    #####..
 Summon Ice Beast         Ice/Summ       #.......     100%        4    #####..
 Summon Lightning Spire   Summ/Air       #.......     100%        4    #####..
 Fireball                 Conj/Fire      #.........   100%        5    ######.
 Freezing Cloud           Conj/Ice/Air   #.........   100%        6    #######
 Ring of Flames           Chrm/Fire      #.........   100%        7    #######


Dungeon Overview and Level Annotations

Branches:
Dungeon (13/15)            Temple (1/1) D:6            Lair (0/6) D:8
    Orc (2/2) D:9             Elf (0/3) Orc:2        Vaults (0/5) D:13

Altars:
Ashenzari
Cheibriados
Dithmenos
Elyvilon
Fedhas
Gozag
Hepliaklqana
Kikubaaqudgha
Makhleb
Nemelex Xobeh
Okawaru
Qazlal
Ru
Sif Muna
Trog
Uskayaw
Vehumet
Wu Jian
Xom
Yredelemnul
Zin
The Shining One
Beogh

Shops:
D:4 *%:[   D:5 ?   D:11 %   D:12 [   Orc:2 [

Portals:
Trove: D:13 (give 4 scrolls of blinking)


Innate Abilities, Weirdness & Mutations

Your flesh is cold resistant. (rC+)
You are frail. (-10% HP)
You are resistant to electric shocks. (rElec)


Message History

You slice the orc knight like a ripe choko!!!
The orc knight is almost dead.
You hit the orc warrior.
Your plate armour prevents you from hitting the orc knight.
The orc warrior hits you with a +0 long sword!
* * * LOW HITPOINT WARNING * * *
The orc knight hits you with a +0 great sword.
* * * LOW HITPOINT WARNING * * *
You climb upwards.
There is a stone staircase leading down here.
You completely miss the orc knight.
The orc knight is moderately wounded.
You hit the orc knight. You closely miss the orc warrior.
You block the orc warrior's attack.
You slash the orc knight!
The orc knight is severely wounded.
You hit the orc knight but do no damage.
You completely miss the orc warrior.
The orc knight hits you with a cursed -3 great sword.
You die...

##.#.....................###
#.......#..................##
#.........<.................#
##....#.........#...........#
######....................##
##..##....#.....#..........#
#.........................##
##............oo....##.#..###
##...........@o...#####....##
##...#.........).# ##....#
#....#.........## ###.##
##.........#..## ###
#..[...........##
##.##.###.......### ##...###
##..##..#.## #.....#
####......# ####..#.##
##..#.##


You could see 2 orc knights and an orc warrior.

Vanquished Creatures
  A yaktaur captain (D:13)
  Erolcha (Orc:1)
  3 centaur warriors
  A catoblepas (D:13)
  2 two-headed ogres
  Erica (D:9)
  The ghost of jt the Zephyrmancer, a novice DrAE of Vehumet (D:10)
  3 orc high priests (Orc:2)
  Urug (D:10)
  2 unseen horrors
  3 orc knights
  An orc sorcerer (Orc:2)
  2 ugly things
  3 cyclopes (D:12)
  A spectral centaur (D:10)
  3 centaur zombies
  An efreet (D:13)
  2 yaktaurs (D:13)
  3 trolls
  6 slime creatures (D:12)
  3 hippogriffs
  A centaur simulacrum (D:10)
  A wyvern (D:11)
  21 yaks
  Eustachio (D:5)
  A wraith (D:8)
  A human (D:9)
  2 hogs (D:9)
  4 wargs
  2 acid dragons
  A soldier ant (D:11)
  A water moccasin (D:12)
  5 ice beasts
  5 sky beasts
  29 orc warriors
  A hornet zombie (D:11)
  4 phantoms
  An eye of draining (D:12)
  3 necrophages
  18 ogres
  9 centaurs
  3 big kobolds
  6 bullfrogs
  A wyvern zombie (D:10)
  A gnoll sergeant (D:8)
  A wyvern skeleton (D:10)
  8 scorpions
  5 wights
  2 howler monkeys
  An electric eel (D:10)
  A lava snake (Orc:1)
  2 spectral bullfrogs (D:10)
  A bullfrog zombie (D:13)
  11 crimson imps
  A wyvern simulacrum (D:10)
  7 jellies
  9 hounds
  2 bullfrog skeletons
  23 orc priests
  2 centaur skeletons
  Jessica (D:5)
  2 iguanas
  19 orc wizards
  9 worker ants
  A bullfrog simulacrum (D:10)
  A hound skeleton (D:7)
  A howler monkey skeleton (D:5)
  3 gnolls (D:3)
  A howler monkey zombie (D:8)
  11 adders
  7 shadow imps
  2 oozes
  2 adder skeletons (D:9)
  3 worms
  3 dart slugs
  7 leopard geckos
  89 orcs
  2 ball pythons
  7 giant cockroaches
  10 goblins
  9 hobgoblins
  10 jackals
  14 kobolds
  4 quokkas
  8 bats
  5 frilled lizards
  3 jackal skeletons
  A leopard gecko skeleton (D:4)
  A quokka skeleton (D:4)
  5 rats
483 creatures vanquished.

Vanquished Creatures (others)
  An orc (Orc:2)
1 creature vanquished.

Grand Total: 484 creatures vanquished

Notes
Turn   | Place    | Note
-------+----------+-------------------------------------------
     0 | D:1      | Error4North the Hill Orc Fighter began the quest for the
                  | Orb.
     0 | D:1      | Reached XP level 1. HP: 19/19 MP: 1/1
    62 | D:1      | Reached XP level 2. HP: 20/27 MP: 2/2
   216 | D:1      | Reached skill level 3 in Axes
   216 | D:1      | Reached XP level 3. HP: 32/33 MP: 3/3
   955 | D:2      | Reached XP level 4. HP: 29/40 MP: 4/4
  1069 | D:2      | Found a stormy altar of Qazlal.
  1539 | D:3      | Reached skill level 4 in Axes
  1659 | D:3      | Reached XP level 5. HP: 42/47 MP: 5/5
  2368 | D:4      | Found Diruppua's Food Boutique.
  2557 | D:4      | Noticed an ogre
  2566 | D:4      | Killed an ogre
  2566 | D:4      | Reached skill level 1 in Evocations
  2566 | D:4      | Reached XP level 6. HP: 55/55 MP: 6/6
  2641 | D:4      | Noticed a phantom
  2659 | D:4      | Killed a phantom
  2659 | D:4      | Reached skill level 5 in Fighting
  2659 | D:4      | Reached skill level 5 in Axes
  2720 | D:4      | Found Ycotui's Armour Shoppe.
  2786 | D:4      | Reached skill level 5 in Shields
  2786 | D:4      | Reached XP level 7. HP: 15/61 MP: 8/8
  3032 | D:4      | Found Quxean's Book Emporium.
  3084 | D:4      | Found Diatutus's Assorted Antiques.
  3093 | D:4      | Reached skill level 6 in Axes
  3093 | D:4      | Reached skill level 5 in Armour
  3099 | D:4      | Bought a tourmaline ring for 135 gold pieces
  3364 | D:5      | Entered Level 5 of the Dungeon
  3415 | D:5      | Found Kiekewn's Magic Scroll Emporium.
  3530 | D:5      | Reached XP level 8. HP: 62/67 MP: 8/10
  3568 | D:5      | Reached skill level 1 in Throwing
  3665 | D:5      | Noticed Eustachio
  3679 | D:5      | Killed Eustachio
  3970 | D:5      | Noticed Jessica
  3977 | D:5      | Found a shimmering blue altar of Sif Muna.
  3991 | D:5      | Killed Jessica
  3991 | D:5      | Reached skill level 1 in Dodging
  4139 | D:6      | Reached skill level 7 in Axes
  4186 | D:6      | Found a staircase to the Ecumenical Temple.
  4202 | Temple   | Entered the Ecumenical Temple
  4301 | Temple   | Became a worshipper of Warmaster Okawaru
  4393 | D:6      | HP: 3/70 [something (3)]
  4398 | D:6      | HP: 2/70 [howler monkey (6)]
  4408 | D:6      | Reached skill level 1 in Invocations
  4774 | D:6      | Found a sparkling altar of Nemelex Xobeh.
  4784 | D:6      | Reached XP level 9. HP: 29/75 MP: 11/11
  5104 | D:6      | Found a radiant altar of Vehumet.
  5310 | D:6      | Reached * piety under Okawaru
  5945 | D:7      | Found a shadowy altar of Dithmenos.
  5992 | D:7      | Reached skill level 8 in Axes
  6859 | D:8      | Noticed a two-headed ogre
  6894 | D:8      | Killed a two-headed ogre
  6894 | D:8      | Reached ** piety under Okawaru
  6894 | D:8      | Reached XP level 10. HP: 45/84 MP: 13/13
  7338 | D:8      | Reached skill level 5 in Evocations
  7439 | D:8      | Reached skill level 9 in Axes
  7510 | D:8      | Found a staircase to the Lair.
  8101 | D:9      | Found a staircase to the Orcish Mines.
  8158 | D:9      | Reached skill level 5 in Invocations
  8172 | D:9      | Reached *** piety under Okawaru
  8198 | D:9      | Found a roughly hewn altar of Beogh.
  8440 | D:9      | Reached skill level 10 in Axes
  8440 | D:9      | Reached XP level 11. HP: 73/95 MP: 15/15
  8756 | D:10     | Entered Level 10 of the Dungeon
  8760 | D:10     | Noticed a centaur warrior
  8785 | D:10     | Killed a centaur warrior
  9101 | D:10     | Noticed Urug
  9111 | D:10     | Noticed a two-headed ogre
  9287 | Orc:1    | Entered Level 1 of the Orcish Mines
  9287 | Orc:1    | Noticed Erica
  9294 | Orc:1    | Noticed Erolcha
  9317 | D:9      | Killed Erica
  9556 | D:10     | Reached **** piety under Okawaru
  9556 | D:10     | Reached skill level 10 in Shields
  9809 | D:10     | Killed Urug
 10185 | D:10     | Killed a two-headed ogre
 10270 | D:10     | Found a runed translucent gate.
 10270 | D:10     | Found a runed translucent gate.
 10270 | D:10     | Found a runed translucent gate.
 10270 | D:10     | Noticed jt's ghost (novice DrAE)
 10826 | D:11     | Found an opulent altar of Gozag.
 10979 | D:11     | Reached ***** piety under Okawaru
 11052 | D:11     | Reached skill level 11 in Axes
 11197 | D:11     | Noticed a white ugly thing
 11208 | D:11     | Killed a white ugly thing
 11208 | D:11     | Reached XP level 12. HP: 104/106 MP: 14/17
 11561 | D:11     | Found Yvough's Food Shop.
 11729 | D:12     | Found a sparkling altar of Nemelex Xobeh.
 11820 | D:12     | Reached skill level 10 in Fighting
 12170 | D:12     | Found Niliajul's Antique Armour Emporium.
 12189 | D:12     | Bought a glowing helmet for 187 gold pieces
 12266 | D:12     | Upgraded the game from 0.25-a0-766-g0ecfff5982 to
                  | 0.25-a0-780-g622e69b31f
 12409 | D:13     | Found a sparkling altar of Nemelex Xobeh.
 12535 | D:13     | Noticed a yaktaur captain
 12539 | D:13     | Found a gate to the Vaults.
 12555 | D:13     | Killed a yaktaur captain
 12604 | D:13     | Noticed a centaur warrior
 12615 | D:13     | Noticed a centaur warrior
 12618 | D:13     | Reached skill level 12 in Axes
 12630 | D:13     | Killed a centaur warrior
 12630 | D:13     | Received a gift from Okawaru
 12630 | D:13     | Reached skill level 10 in Armour
 12630 | D:13     | Killed a centaur warrior
 12726 | D:13     | Reached XP level 13. HP: 96/116 MP: 17/20
 12741 | D:13     | Found a portal to a secret trove of treasure.
 12788 | D:13     | Got an ichor-stained war axe
 13812 | D:10     | Killed jt's ghost
 14022 | Orc:1    | Identified the +7 war axe of Action {vorpal, +Blink rElec
                  | rF+} (You found it on level 13 of the Dungeon)
 14461 | Orc:1    | Killed Erolcha
 14461 | Orc:1    | Reached skill level 10 in Invocations
 14491 | Orc:2    | Entered Level 2 of the Orcish Mines
 14606 | Orc:2    | Found a staircase to the Elven Halls.
 14642 | Orc:2    | Found a roughly hewn altar of Beogh.
 14770 | Orc:2    | Reached skill level 13 in Axes
 14799 | Orc:2    | Found Asytety's Antique Armour Emporium.
 15007 | Orc:2    | Received a gift from Okawaru
 15410 | Orc:2    | Gained mutation: You are resistant to electric shocks.
                  | (rElec) [potion of mutation]
 15410 | Orc:2    | Gained mutation: You are frail. (-10% HP) [potion of
                  | mutation]
 15410 | Orc:2    | Gained mutation: Your flesh is cold resistant. (rC+)
                  | [potion of mutation]
 15733 | Orc:2    | HP: 2/105 [orc knight/+0 great sword (4)]
 15736 | Orc:1    | Slain by an orc knight

Levels and vault maps discovered:
D:1:      minmay_arrival_hallway, layout_basic
D:2:      layout_rooms, nicolae_qazlal_general_emergency, first_ration
D:3:      layout_basic, columned_hall_lemuel, minmay_misc_feat_ornament,
          due_unseen_surprise
D:4:      layout_gridville, serial_shops, kennysheep_mini_moat,
          nicolae_shop_waterfront, nicolae_shop_trees, nicolae_shop_stone
D:5:      layout_gridville, tgw_sif, serial_shops, kennysheep_little_box,
          uniq_eustachio
D:6:      layout_basic, nicolae_overflow_crystal_walls,
          minmay_temple_entry_arrows, minmay_misc_feat_room,
          nemelex_dance_club_becter
D:7:      layout_basic, nicolae_dithmenos_the_darkroom
D:8:      minmay_clustersquares, layout_loops_corners, erik_lair_orcish_takeover
D:9:      layout_irregular_city, minmay_orc_entry_temple_small, grunt_livestock,
          billiards_dpeg
D:10:     layout_loops_ring, gammafunk_ghost_necromancy, minivault_4,
          minmay_fractal_squares_gapless_5, uniq_urug
D:11:     layout_stronghold, serial_shops, shop_fountains,
          grunt_gozag_breadcrumbs
D:12:     layout_gridville, serial_shops, shop, basic_altar
D:13:     layout_big_octagon, david_vaults_2, enter_trove_3,
          nemelex_diamond_rough_becter
Temple:   regret_index_temple_mists
Orc:1:    layout_caves, basic_altar, nicolae_orc_lava_tube, uniq_erica,
          uniq_erolcha, uniq_sonja
Orc:2:    st_orc_pillars, layout_diamond_mine, serial_shops, shop_fountains,
          nicolae_orc_lost_temple

Skill      XL: |  1  2  3  4  5  6  7  8  9 10 11 12 13 |
---------------+----------------------------------------+-----
Fighting       | 4 5 6 8 9 11 | 11.9
Axes           | 3 4 5 6 7 8 10 11 12 13 | 13.5
Shields        | 4 5 6 8 9 10 12 | 12.7
Armour         | 4 5 6 7 8 9 10 | 10.8
Evocations     | 1 2 3 4 5 |  5.4
Throwing       | 1 2 3 |  3.4
Dodging        | 1 2 |  2.5
Invocations    | 1 3 6 7 9 10 | 10.2
Stealth        | |  0.5

Action                   |  1- 3 |  4- 6 |  7- 9 | 10-12 | 13-15 || total
-------------------------+-------+-------+-------+-------+-------++-------
Melee: War axe           |   104 |   143 |       |       |   166 ||   413
       Hand axe          |       |     9 |   342 |   877 |   128 ||  1356
Throw: Boomerang         |       |    24 |    31 |    68 |    24 ||   147
Invok: Heroism           |       |       |     2 |    28 |    11 ||    41
       Finesse           |       |       |       |     4 |     4 ||     8
 Abil: Stop Flying       |       |       |       |       |     1 ||     1
       Evoke Blink       |       |       |       |       |     1 ||     1
Evoke: Wand              |       |       |    10 |    13 |    11 ||    34
       Phial of floods   |       |       |       |       |     1 ||     1
  Use: Scroll            |     1 |     2 |    11 |     1 |     3 ||    18
       Potion            |       |     7 |     9 |     5 |     4 ||    25
 Stab: Confused          |       |       |       |       |     3 ||     3
  Eat: Chunk             |       |     6 |    10 |     8 |     1 ||    25
       Ration            |       |       |     1 |     4 |     2 ||     7
Armor: Scale mail        |    49 |       |       |       |       ||    49
       Chain mail        |    11 |    74 |   186 |   110 |       ||   381
       Plate armour      |       |       |       |   189 |   103 ||   292
       Skin              |       |       |       |     4 |       ||     4
Dodge: Dodged            |    33 |    38 |    80 |   239 |    66 ||   456
Block: Kite shield       |    59 |   109 |   160 |   434 |   178 ||   940
       Reflection        |       |       |       |       |     5 ||     5

Table legend:
 A = Non-vault XP
 B = Vault XP
 C = Vault XP percentage of total XP
 D = Non-vault monster count
 E = Vault monster count
 F = Vault count percentage of total count
                 A         B        C        D         E       F
            +---------+---------+-------+---------+---------+-------
      Total |   33466 |   15302 |  31.4 |     383 |     101 |  20.9
            +---------+---------+-------+---------+---------+-------
        D:1 |      55 |       0 |   0.0 |      32 |       0 |   0.0
        D:2 |      76 |       0 |   0.0 |      23 |       0 |   0.0
        D:3 |      92 |       0 |   0.0 |      22 |       0 |   0.0
        D:4 |     765 |       0 |   0.0 |      23 |       0 |   0.0
        D:5 |     544 |     239 |  30.5 |      14 |       2 |  12.5
        D:6 |    1010 |     138 |  12.0 |      22 |       2 |   8.3
        D:7 |     841 |       0 |   0.0 |      19 |       0 |   0.0
        D:8 |    1165 |    1320 |  53.1 |       8 |      18 |  69.2
        D:9 |    1801 |    2268 |  55.7 |      35 |      16 |  31.4
       D:10 |    5222 |    2818 |  35.0 |      22 |      11 |  33.3
       D:11 |    4139 |       0 |   0.0 |      34 |       0 |   0.0
       D:12 |    7082 |       0 |   0.0 |      38 |       0 |   0.0
       D:13 |    6086 |    1733 |  22.2 |      28 |       3 |   9.7
      Orc:1 |    2156 |    1110 |  34.0 |      23 |       2 |   8.0
      Orc:2 |    2432 |    5676 |  70.0 |      40 |      47 |  54.0
            +---------+---------+-------+---------+---------+-------
